 Dungeon Crawl Stone Soup version 0.30-a0-870-gc5d4c5acee (webtiles) character file.

Game seed: 10655939628000973786

46556 jasper the Thaumaturge (level 14, -26/108 HPs)
             Began as a Demonspawn Conjurer on Mar 11, 2023.
             Was a High Priest of Vehumet.
             Annihilated by an orc knight
             ... wielding a +0 great mace
              (29 damage)
             ... on level 2 of the Orcish Mines.
             The game lasted 00:41:09 (19139 turns).

jasper the Thaumaturge (Demonspawn Conjurer)       Turns: 19139, Time: 00:41:09

Health: -26/108    AC:  8    Str:  8      XL:     14   Next: 5%
Magic:  21/31      EV: 15    Int: 28 (29) God:    Vehumet [*****.]
Gold:   1313       SH:  0    Dex: 13      Spells: 10/39 levels left

rFire   . . .      SeeInvis +    s - +1 short sword (elec)
rCold   . . .      Faith    .    i - orb {*channel}
rNeg    . . .      Spirit   .    G - +0 steam dragon scales
rPois   +          Reflect  .    (helmet unavailable)
rElec   .          Rampage  .    (no cloak)
rCorr   .                        (no gloves)
Will    +....                    T - +0 pair of boots
Stlth   ++                       P - amulet of regeneration
HPRegen 1.18/turn                J - +6 ring of intelligence
MPRegen 0.44/turn                D - ring of poison resistance

@: no status effects
A: antennae 3, thin metallic scales 1, ignite blood 3, magic regeneration
a: Renounce Religion


You were on level 2 of the Orcish Mines.
You worshipped Vehumet.
Vehumet was extremely pleased with you.
You visited 4 branches of the dungeon, and saw 19 of its levels.
You also visited: Ossuary.

You collected 1357 gold pieces.
You spent 44 gold pieces at shops.

Inventory:

Hand Weapons
 e - a +0 short sword of draining
 s - a +1 short sword of electrocution (weapon)
Missiles
 d - 39 poisoned darts
 t - 7 throwing nets
 A - 5 curare-tipped darts
Armour
 a - a +1 robe
 i - an orb of energy (worn)
 x - an orb of guile
 G - +0 steam dragon scales (worn)
 T - a +0 pair of boots (worn)
Magical Staves
 k - a staff of death
Jewellery
 g - a +6 ring of dexterity
 D - a ring of poison resistance (right hand)
 F - a ring of positive energy
 J - a +6 ring of intelligence (left hand)
 K - a +6 ring of dexterity
 N - a ring of willpower
 P - an amulet of regeneration (around neck)
 R - a ring of see invisible
Wands
 w - a wand of roots (29)
 y - a wand of flame (10)
 B - a wand of mindburst (36)
 Q - a wand of acid (6)
Scrolls
 h - 3 scrolls of immolation
 j - 3 scrolls of enchant armour
 r - 3 scrolls of magic mapping
 v - 3 scrolls of fog
 C - 2 scrolls of blinking
 E - 2 scrolls of summoning
 H - 2 scrolls of identify
 I - a scroll of enchant weapon
 L - 4 scrolls of teleportation
 M - 2 scrolls of poison
 U - a scroll of vulnerability
Potions
 b - 4 potions of magic
 c - 2 potions of berserk rage
 f - 2 potions of brilliance
 l - 4 potions of heal wounds
 m - 2 potions of attraction
 n - a potion of invisibility
 o - 9 potions of curing
 p - a potion of ambrosia
 q - 2 potions of flight
 u - 5 potions of haste
 z - 3 potions of lignification
 O - 2 potions of mutation
 S - 2 potions of might


   Skills:
 - Level 9.0 Fighting
 - Level 8.2 Dodging
 - Level 1.7 Stealth
 - Level 13.0 Spellcasting
 + Level 10.8 Conjurations
 - Level 4.0 Hexes
 - Level 3.0 Translocations
 - Level 6.2 Earth Magic
 - Level 10.1 Evocations


You had 10 spell levels left.
You knew the following spells:

 Your Spells              Type           Power      Damage    Failure   Level
a - Blink                 Tloc           70%        N/A       1%          2
b - Orb of Destruction    Conj           34%        9d10      9%          7
c - Dazzling Flash        Conj/Hex       100%       N/A       1%          3
d - Fulminant Prism       Conj/Hex       28%        3d14      1%          4
e - Iskenderun's Mystic   Conj/Tloc      54%        2d12      1%          4
f - Tukima's Dance        Hex            40%        N/A       1%          3
g - Mephitic Cloud        Conj/Pois/Air  38%        N/A       1%          3
h - Stone Arrow           Conj/Erth      100%       3d13      1%          3

Your spell library contained the following spells:

 Spells                   Type           Power      Damage    Failure   Level
 Foxfire                  Conj/Fire      100%       2x1d9     1%          1
 Kiss of Death            Conj/Necr      100%       2d13      1%          1
 Magic Dart               Conj           100%       1d8       1%          1
 Poisonous Vapours        Pois/Air       36%        N/A       1%          2
 Searing Ray              Conj           100%       2d8       1%          2
 Confusing Touch          Hex            40%        N/A       1%          3
 Portal Projectile        Hex/Tloc       74%        N/A       1%          3
 Arcjolt                  Conj/Air       24%        1d34      2%          5
 Fireball                 Conj/Fire      24%        3d11      2%          5
 Necrotise                Necr           72%        1d7       3%          1
 Summon Small Mammal      Summ           72%        N/A       3%          1
 Summon Guardian Golem    Hex/Summ       29%        N/A       3%          3
 Cigotuvi's Dreadful Rot  Necr/Pois/Air  36%        N/A       4%          2
 Vhi's Electric Charge    Tloc/Air       52%        N/A       4%          3
 Call Canine Familiar     Summ           18%        N/A       9%          3
 Vampiric Draining        Necr           18%        2d7       9%          3
 Manifold Assault         Tloc           35%        N/A       9%          4
 Starburst                Conj/Fire      24%        6d8       13%         6
 Dispel Undead            Necr           18%        3d11      28%         4
 Agony                    Necr           18%        N/A       63%         5
 Blade Hands              Tmut           9%         N/A       63%         5
 Storm Form               Tmut/Air       9%         N/A       100%        7
 Maxwell's Capacitive Co  Air            9%         ∞         100%        8


Dungeon Overview and Level Annotations

Branches:
Dungeon (11/15)            Temple (1/1) D:5            Lair (5/5) D:8
  Swamp (0/4) Lair:3        Snake (0/4) Lair:3        Slime (0/5) Lair:5
    Orc (2/2) D:9             Elf (0/3) Orc:2       Ossuary (visited)

Altars:
Cheibriados
Dithmenos
Fedhas
Gozag
Hepliaklqana
Kikubaaqudgha
Makhleb
Nemelex Xobeh
Okawaru
Qazlal
Ru
Sif Muna
Trog
Uskayaw
Vehumet
Wu Jian
Xom
Yredelemnul

Shops:
D:1 [   D:4 ?

Portals:
Abyss: Lair:4

Annotations:
Lair:4 2 transporters, eruonna's ghost, journeyman MfSu


Innate Abilities, Weirdness & Mutations

You have a pair of large antennae on your head. (SInv)
You are partially covered in thin metallic scales. (AC +2)
Your demonic aura causes all spilled blood to erupt in flames.
You regenerate magic rapidly.


Message History

Vehumet accepts your kill.
You feel your power returning.
The orc knight roars a battlecry!
The ettin is engulfed in blazing flames.
The ogre mage casts a spell at the two-headed ogre.
The two-headed ogre seems to speed up.
You regained 2 hp, and now have 71/108 hp.
Aiming: Stone Arrow (safe; 1% risk of failure)
Press: ? - help, Q - select action, (/) - cycle Shift-Dir - straight line, f - ettin
Aim: an ettin, wielding two +0 dire flails (moderately wounded, 95% to hit)
The stone arrow hits the ettin!!
The ettin is severely wounded.
The ettin is engulfed in blazing flames.
The ettin hits you with a +0 dire flail!
The ettin hits you with a +0 dire flail.
The two-headed ogre is engulfed in blazing flames.
The ogre mage mumbles some strange words.
The ogre mage flickers and vanishes for a moment.
You take 21 damage, and have 50/108 hp.
You now have 19/31 mp.
Aiming: Stone Arrow (safe; 1% risk of failure)
Press: ? - help, Q - select action, (/) - cycle Shift-Dir - straight line, f/p - ettin
Aim: an ettin, wielding two +0 dire flails (flame, almost dead, 95% to hit)
The stone arrow hits the ettin!
You kill the ettin!
Vehumet accepts your kill.
You feel your power returning. The two-headed ogre closely misses you.
The two-headed ogre barely misses you.
The two-headed ogre is engulfed in blazing flames.
A cyclops comes into view.
The ogre mage points at the two-headed ogre and mumbles some strange words.
The two-headed ogre seems to speed up.
You feel your intelligence returning.
You regained 2 mp, and now have 21/31 mp.
The two-headed ogre is engulfed in blazing flames.
The two-headed ogre hits you with a +0 giant club!!
* * * LOW HITPOINT WARNING * * *
The two-headed ogre hits you with a +0 giant spiked club!!
* * * LOW HITPOINT WARNING * * *
The orc knight hits you with a +0 great mace!!
You die...

......... ..........#..OOo.
......).#..$..............$.Oo..
............#...................
....))..............o...........
.....)...........○.☼O..C.$..)...
)†...............#.T.o...........
.<(.............)☼)O.............
[))........#..○§OOTO.............
...............☼@§T$.............
).....#........§.oO).............
......# .......†.....$...........
.)...... ......°...............#.
.........#.......................
.................................
.....### .......$................
..#...##.#.#...........#.........
#......>.. ...................#..


You could see an orc knight, 3 two-headed ogres, an ogre mage (invisible), a
deep troll, a cyclops, 2 trolls, an orc warrior (strong), 2 ogres and an orc
(strong).

Vanquished Creatures
  2 ettins (Orc:2)
  A fire dragon (Lair:5)
  Harold (Lair:2)
  An ogre mage (Orc:2)
  2 hydras
  A boulder beetle (Lair:5)
  4 two-headed ogres (Orc:2)
  3 death yaks (Lair:5)
  A skyshark (Lair:4)
  A deep troll (Orc:2)
  2 lindwurms
  Pikel (D:5)
  2 cyclopes
  4 black mambas
  3 elephants (Lair:3)
  8 centaur zombies (D:10)
  Maggie (D:7)
  2 molten gargoyles (Lair:5)
  7 cane toads
  A torpor snail (Lair:5)
  3 rime drakes
  10 komodo dragons
  2 polar bears (Lair:5)
  6 trolls
  A hornet (D:9)
  Grinder (D:3)
  3 blink frogs (Lair:5)
  5 dream sheep (Lair:3)
  3 slime creatures (Lair:5)
  Sigmund (D:5)
  2 shadows
  6 wyverns
  A vampire (D:10)
  45 yaks
  A wraith (Ossuary)
  4 basilisks
  3 vampire mosquitoes (D:10)
  5 steam dragons
  3 swamp worms (Lair:3)
  A warg (Orc:2)
  Edmund (D:5)
  8 water moccasins
  An acid dragon (D:8)
  5 hell hounds (Lair:5)
  2 sky beasts (D:7)
  11 orc warriors
  2 black bears (Lair:1)
  An ice beast (D:7)
  3 centaurs
  15 ogres
  2 phantoms (D:9)
  A lemure (D:5)
  3 kobold brigands
  11 bullfrogs
  A gnoll sergeant (D:8)
  6 scorpions
  8 wights
  2 troll zombies (D:9)
  9 killer bees
  6 electric eels (D:5)
  8 howler monkeys
  5 lava snakes (Lair:5)
  A hound (D:6)
  A jelly (Lair:5)
  A gnoll bouda (D:5)
  7 orc priests
  Ijyb (D:4)
  A sleepcap (D:7)
  2 iguanas (D:6)
  11 orc wizards
  6 ogre zombies (D:9)
  A mummy (Ossuary)
  2 howler monkey zombies (D:10)
  16 adders
  12 gnolls
  A river rat (D:3)
  A shadow imp (D:4)
  3 white imps
  3 ufetubi
  2 worms
  2 dart slugs
  59 orcs
  6 endoplasms
  3 giant cockroaches
  6 goblins
  13 hobgoblins
  2 quokkas (D:1)
  6 ball pythons
  14 bats
  2 frilled lizards (D:1)
  6 gnoll skeletons (Ossuary)
  4 goblin zombies (D:9)
  A hobgoblin skeleton (D:9)
  2 hobgoblin zombies (D:9)
  24 kobolds
  3 kobold skeletons (Ossuary)
  16 orc skeletons
  17 orc zombies (D:9)
  4 rats
527 creatures vanquished.

Vanquished Creatures (others)
  A dancing weapon (D:8)
  20 fulminant prisms
  25 fungi
  22 plants
68 creatures vanquished.

Grand Total: 595 creatures vanquished

Notes
Turn   | Place    | Note
-------+----------+-------------------------------------------
     0 | D:1      | jasper the Demonspawn Conjurer began the quest for the Orb.
     0 | D:1      | Reached XP level 1. HP: 13/13 MP: 3/3
   258 | D:1      | Gained mutation: You are partially covered in thin metallic
                  | scales. (AC +2) [demonic ancestry]
   258 | D:1      | Reached XP level 2. HP: 14/19 MP: 0/5
   261 | D:1      | Learned a level 2 spell: Searing Ray
   841 | D:1      | Found Aghuiw's Armour Shop.
  1068 | D:1      | Gained mutation: You have a pair of small antennae on your
                  | head. [demonic ancestry]
  1068 | D:1      | Reached XP level 3. HP: 24/24 MP: 2/7
  1203 | D:1      | Learned a level 3 spell: Dazzling Flash
  1488 | D:2      | Reached skill level 3 in Spellcasting
  1733 | D:2      | Gained mutation: Your demonic aura sometimes causes spilled
                  | blood to erupt in flames. [demonic ancestry]
  1733 | D:2      | Reached XP level 4. HP: 30/30 MP: 3/8
  2256 | D:2      | You fall into a shaft and drop 1 floor!
  2287 | D:3      | Reached skill level 5 in Conjurations
  2472 | D:3      | Learned a level 4 spell: Fulminant Prism
  2601 | D:3      | Found a faded altar of an unknown god.
  2605 | D:3      | Gained mutation: Your demonic aura often causes spilled
                  | blood to erupt in flames. [demonic ancestry]
  2605 | D:3      | Reached XP level 5. HP: 35/35 MP: 6/10
  2701 | D:3      | Reached skill level 4 in Spellcasting
  2866 | D:3      | Identified the +2 war axe of the Inferno {freeze, rElec
                  | rPois SInv}
  2890 | D:3      | Noticed Grinder
  2900 | D:3      | Killed Grinder
  2901 | D:3      | Reached skill level 5 in Spellcasting
  2901 | D:3      | Gained mutation: You regenerate magic rapidly. [demonic
                  | ancestry]
  2901 | D:3      | Reached XP level 6. HP: 30/41 MP: 4/13
  3263 | D:4      | Noticed Ijyb
  3414 | D:4      | Found a sand-covered staircase.
  3475 | Ossuary  | Entered an ossuary
  3475 | Ossuary  | Noticed a wraith
  3475 | Ossuary  | Noticed a wraith
  3475 | Ossuary  | Noticed a wraith
  3612 | Ossuary  | Noticed a wraith
  3633 | Ossuary  | Killed a wraith
  3634 | Ossuary  | Reached XP level 7. HP: 13/46 MP: 13/15
  3851 | Ossuary  | Learned a level 4 spell: Iskenderun's Mystic Blast
  3855 | Ossuary  | Learned a level 3 spell: Tukima's Dance
  4079 | D:4      | Found Puisucwea's Magic Scroll Shoppe.
  4087 | D:4      | Bought a scroll of identify for 22 gold pieces
  4087 | D:4      | Bought a scroll of identify for 22 gold pieces
  4135 | D:4      | Reached skill level 6 in Spellcasting
  4275 | D:4      | Killed Ijyb
  4600 | D:5      | Entered Level 5 of the Dungeon
  4681 | D:5      | Noticed Edmund
  5036 | D:5      | Found a staircase to the Ecumenical Temple.
  5047 | Temple   | Entered the Ecumenical Temple
  5368 | Temple   | Became a worshipper of Vehumet
  5458 | D:5      | Killed Edmund
  5617 | D:5      | Noticed Pikel
  5634 | D:5      | Killed Pikel
  5635 | D:5      | Reached XP level 8. HP: 22/52 MP: 7/17
  5857 | D:5      | Noticed Sigmund
  5860 | D:5      | Killed Sigmund
  5904 | D:5      | Reached skill level 10 in Conjurations
  6109 | D:5      | Reached skill level 1 in Hexes
  6643 | D:6      | Reached XP level 9. HP: 54/57 MP: 12/18
  6647 | D:6      | Learned a level 3 spell: Mephitic Cloud
  7258 | D:6      | Reached * piety under Vehumet
  7258 | D:6      | Offered knowledge of Foxfire by Vehumet.
  7357 | D:7      | Reached skill level 1 in Fighting
  7364 | D:7      | Reached skill level 1 in Translocations
  7617 | D:7      | Noticed Maggie
  7639 | D:7      | Killed Maggie
  7818 | D:7      | Reached skill level 7 in Spellcasting
  9189 | D:8      | Offered knowledge of Static Discharge by Vehumet.
  9203 | D:8      | Reached ** piety under Vehumet
  9204 | D:8      | Reached XP level 10. HP: 70/70 MP: 8/21
  9207 | D:8      | Reached skill level 8 in Spellcasting
  9258 | D:8      | Found a staircase to the Lair.
 10099 | D:9      | Reached skill level 1 in Evocations
 10303 | D:9      | Offered knowledge of Kindle Blastsparks by Vehumet.
 10366 | D:9      | Reached *** piety under Vehumet
 10461 | D:9      | Offered knowledge of Stone Arrow by Vehumet.
 10466 | D:9      | Learned a level 3 spell: Stone Arrow
 10494 | D:9      | Found a staircase to the Orcish Mines.
 10698 | D:9      | Reached skill level 5 in Evocations
 10861 | D:9      | Found a sacrificial altar of Ru.
 11034 | D:9      | Reached skill level 1 in Earth Magic
 11237 | D:10     | Entered Level 10 of the Dungeon
 11370 | D:10     | Reached **** piety under Vehumet
 11575 | D:10     | Gained mutation: Your demonic aura causes all spilled blood
                  | to erupt in flames. [demonic ancestry]
 11575 | D:10     | Reached XP level 11. HP: 58/77 MP: 16/23
 11683 | D:10     | Found a basalt altar of Yredelemnul.
 11690 | D:10     | Reached skill level 5 in Earth Magic
 11782 | D:10     | Offered knowledge of Inner Flame by Vehumet.
 12508 | D:11     | Noticed a boulder beetle
 12517 | D:11     | Noticed a tengu warrior
 12518 | D:11     | Noticed a centaur warrior
 12702 | Lair:1   | Entered Level 1 of the Lair of Beasts
 12708 | Lair:1   | Learned a level 2 spell: Blink
 13112 | Lair:1   | Reached skill level 10 in Evocations
 13718 | Lair:2   | Reached XP level 12. HP: 84/84 MP: 19/24
 13811 | Lair:2   | Noticed Harold
 13827 | Lair:2   | Killed Harold
 13828 | Lair:2   | Reached skill level 9 in Spellcasting
 14511 | Lair:3   | Reached skill level 5 in Fighting
 14511 | Lair:3   | Reached skill level 5 in Dodging
 14961 | Lair:3   | Found an opulent altar of Gozag.
 14984 | Lair:3   | Found a staircase to the Snake Pit.
 15098 | Lair:3   | Reached skill level 10 in Spellcasting
 15256 | Lair:3   | Found a staircase to the Swamp.
 15612 | Lair:4   | Found a transporter.
 15868 | Lair:4   | Noticed a six-headed hydra
 15874 | Lair:4   | Killed a six-headed hydra
 15977 | Lair:4   | Found a transporter.
 15996 | Lair:4   | Noticed a hell hog
 16017 | Lair:4   | Found a one-way gate to the infinite horrors of the Abyss.
 16017 | Lair:4   | Noticed eruonna's ghost (journeyman MfSu)
 16327 | Lair:4   | Noticed an emperor scorpion
 16327 | Lair:4   | an emperor scorpion changed into a death yak
 16327 | Lair:4   | Noticed a death yak (glowing shapeshifter)
 16328 | Lair:4   | a death yak changed into an emperor scorpion
 16328 | Lair:4   | Noticed an emperor scorpion (glowing shapeshifter)
 16387 | Lair:5   | Entered Level 5 of the Lair of Beasts
 16397 | Lair:5   | Reached skill level 11 in Spellcasting
 16403 | Lair:5   | Gained mutation: You have a pair of antennae on your head.
                  | [demonic ancestry]
 16403 | Lair:5   | Reached XP level 13. HP: 57/96 MP: 7/28
 16406 | Lair:5   | Reached ***** piety under Vehumet
 16406 | Lair:5   | Offered knowledge of Iskenderun's Battlesphere by Vehumet.
 16745 | Lair:5   | Found a staircase to the Slime Pits.
 16941 | Lair:5   | Found a large runed translucent door.
 16943 | Lair:5   | Found a large runed translucent door.
 16943 | Lair:5   | Noticed a fire dragon
 17014 | Lair:5   | Reached skill level 12 in Spellcasting
 17788 | Lair:5   | Killed a fire dragon
 18065 | Orc:1    | Entered Level 1 of the Orcish Mines
 18778 | Orc:2    | Entered Level 2 of the Orcish Mines
 18834 | Orc:2    | Noticed an ettin
 18838 | Orc:2    | Killed an ettin
 18992 | Orc:2    | Found a staircase to the Elven Halls.
 18998 | Orc:2    | Offered knowledge of Orb of Destruction by Vehumet.
 19010 | Orc:2    | Learned a level 7 spell: Orb of Destruction
 19128 | Orc:2    | Noticed an ettin
 19129 | Orc:2    | Reached skill level 13 in Spellcasting
 19134 | Orc:2    | Gained mutation: You have a pair of large antennae on your
                  | head. (SInv) [demonic ancestry]
 19134 | Orc:2    | Reached XP level 14. HP: 89/108 MP: 28/31
 19139 | Orc:2    | HP: 3/108 [two-headed ogre/+0 giant club (22)]
 19139 | Orc:2    | Annihilated by an orc knight

Illustrated notes

Levels and vault maps discovered:
D:1:      roderic_octagonal_star, layout_loops_corners, serial_shops,
          shop_fountains
D:2:      layout_rooms, minmay_split_cup_small
D:3:      layout_loops_ring, ebering_ecumenical_altar_mist,
          cheibrodos_sewer_entry_sluice, uniq_grinder
D:4:      layout_gridville, enter_ossuary_3, serial_shops, shop,
          nicolae_nh_ransacked_shop, uniq_ijyb
D:5:      cheibrodos_two_vegetables, layout_cave_pools,
          minmay_temple_entry_sparse_star, uniq_sigmund, uniq_edmund, uniq_pikel
D:6:      nicolae_cairo_tiling_large, layout_cave_pods
D:7:      old_forge, layout_basic, corexii_leaking_fountain, interstate_on_off,
          minmay_misc_feat_x, uniq_maggie
D:8:      layout_basic, dpeg_oklobed_lair, small_statue_intersection
D:9:      layout_loops_ring, mainiacjoe_overflow_tiny_flanked, zombieorc2_lemuel
D:10:     layout_gridville, nicolae_yredelemnul_corpse_copse, serial_glass,
          glass_columns_a, glass_columns_c
D:11:     minmay_diamond_stairs, layout_long_grid, tgw_trog
Temple:   mainiacjoe_temple_big_plus
Lair:1:   layout_cellular_growth, cheibrodos_lair_caveside_slide,
          grunt_megastairs_1
Lair:2:   layout_chaotic_city, grunt_megastairs_3, uniq_harold
Lair:3:   layout_chaotic_city, minmay_swamp_entry_worms, dummy_snake_entry,
          basic_altar, columned_hall_lemuel
Lair:4:   layout_regular_city, gammafunk_ghost_abyssal_escape
Lair:5:   cheibrodos_lair_end_hotspot, layout_loops_ring,
          minmay_slime_entry_pillars
Orc:1:    nicolae_orc_accident_3, layout_diamond_mine
Orc:2:    st_orc_open, layout_caves, hangedman_minor_magic

Skill      XL: |  1  2  3  4  5  6  7  8  9 10 11 12 13 |
---------------+----------------------------------------+-----
Spellcasting   | 3 5 6 7 8 11 13 | 13.0
Conjurations   | 5 6 9 10 | 10.8
Hexes          | 3 4 |  4.0
Dodging        | 3 4 6 8 |  8.2
Fighting       | 3 4 7 9 |  9.0
Translocations | 3 |  3.0
Evocations     | 6 10 | 10.1
Earth Magic    | 4 6 |  6.2
Stealth        | |  1.7

Action                     |  1- 3 |  4- 6 |  7- 9 | 10-12 | 13-15 || total
---------------------------+-------+-------+-------+-------+-------++-------
  Melee: Unarmed           |     2 |       |       |       |       ||     2
         Short sword       |     7 |    14 |    31 |    58 |    14 ||   124
         Punch             |       |       |       |     2 |       ||     2
   Cast: Magic Dart        |    70 |    70 |   208 |   113 |       ||   461
         Searing Ray       |     2 |    15 |    35 |    25 |       ||    77
         Fulminant Prism   |       |       |     8 |    10 |     2 ||    20
         Stone Arrow       |       |       |       |   230 |   209 ||   439
         Iskenderun's Myst |       |       |       |    21 |    23 ||    44
         Mephitic Cloud    |       |       |       |     5 |     2 ||     7
         Tukima's Dance    |       |       |       |     2 |       ||     2
         Orb of Destructio |       |       |       |       |     1 ||     1
  Evoke: Wand              |       |       |    11 |       |       ||    11
    Use: Scroll            |     2 |     3 |    13 |    10 |     1 ||    29
         Potion            |       |     1 |     3 |       |     1 ||     5
 Armour: Robe              |     2 |     6 |    20 |       |       ||    28
         Steam dragon scal |       |       |       |    51 |    13 ||    64
  Dodge: Dodged            |     7 |    14 |    49 |   115 |    54 ||   239

Table legend: (Time is in decaauts)
 A = Elapsed time spent in this place.
 B = Non-inter-level travel time spent in this place.
 C = Inter-level travel time spent in this place.
 D = Time resting spent in this place.
 E = Time spent auto-exploring this place.
 F = Levels seen in this place.
 G = Mean time per level.
                   A        B        C        D        E       F      G
               +--------+--------+--------+--------+--------+-----+--------+
         Total |  19219 |  18453 |    766 |   1478 |  14321 |  20 |  961.0 |
       Dungeon |  11864 |  11502 |    362 |   1038 |   8867 |  11 | 1078.5 |
        Temple |    343 |    311 |     32 |      0 |    306 |   1 |  343.0 |
          Lair |   5334 |   5009 |    325 |    184 |   4123 |   5 | 1066.8 |
  Orcish Mines |   1076 |   1029 |     47 |    140 |    677 |   2 |  538.0 |
       Ossuary |    600 |    600 |      0 |    115 |    348 |   1 |  600.0 |
               +--------+--------+--------+--------+--------+-----+--------+

Top non-repeatable levels by time:
     D:7: 1759 daAuts
     D:5: 1582 daAuts
  Lair:5: 1544 daAuts
     D:1: 1416 daAuts
    D:10: 1289 daAuts
     D:9: 1165 daAuts
  Lair:1: 1056 daAuts
     D:8: 1055 daAuts
     D:3: 1028 daAuts
  Lair:3: 1018 daAuts
  Lair:2: 882 daAuts
   Orc:1: 858 daAuts
     D:6: 844 daAuts
     D:2: 838 daAuts
  Lair:4: 832 daAuts
